[Event "2nd China Preliminary Asian Games 2022"]
[Site "HangZhou"]
[Date "2022.04.17"]
[Round "4.1"]
[White "Zhang, Zhong"]
[Black "Xu, Xiangyu"]
[Result "0-1"]
[ECO "B22"]
[WhiteElo "2640"]
[BlackElo "2564"]
[Annotator "TA"]
[PlyCount "126"]
[EventDate "2022.04.13"]
[EventType "tourn"]
[EventCountry "CHN"]
[SourceTitle "playchess.com"]
[Source "ChessBase"]
[SourceQuality "1"]
[TimeControl "40/5400+30:1800+30"]

1. e4 c5 2. c3 d5 3. exd5 Qxd5 4. d4 Nf6 5. Nf3 Nc6 6. Be2 e6 7. O-O Be7 8. c4 Qd8 9. dxc5 O-O 10. a3 a5 11. Nc3 Bxc5 12. Na4 {[%emt 0:05:51] [#] B22: Sicilian: 2 c3.} Bd6 $146 ({Predecessor:} 12... b6 13. Bf4 Nd7 14. Bd6 Re8 15. Rb1 e5 16. Bxc5 bxc5 17. Qd5 Qc7 18. Ng5 Nf6 19. Qxc5 Ra7 {1-0 (30) Soors,S (2407)-Gormally,D (2489) Amsterdam 2015}) 13. Be3 Qe7 14. Qc2 {[%emt 0:06:38] White is slightly better.} e5 15. Nb6 Rb8 16. c5 Bc7 17. Nxc8 Rfxc8 18. Qf5 (18. Rad1 $14) 18... e4 19. Nd4 Be5 20. Nb5 (20. Nxc6 bxc6 21. Rab1 g6 $15) 20... Bxb2 21. Rab1 Be5 22. Nd6 Bxd6 23. cxd6 Qxd6 24. Bf4 {[%emt 0:00:15] This bishop pair is nice.} Qd8 25. Qh3 (25. Bxb8 $11 Nd4 26. Rfd1 Nxf5 27. Rxd8+ Rxd8 28. Rxb7) 25... Nd4 $15 26. Bd1 Ra8 27. Rxb7 Qd5 28. Rb2 (28. Ra7 $15 {should be considered.}) 28... Ne6 29. Be3 Rc3 {[%emt 0:00:59] Against Bb3} 30. a4 (30. Qg3 $17 {was worth a try.}) 30... Rd8 31. g3 Ng5 32. Qh4 {[%emt 0:01:03] [#]} (32. Bxg5 $17 Qxg5 33. Rb5) 32... h6 $1 $19 {[%emt 0:00:52] White must now prevent ...Qxd1.} 33. Be2 Rxe3 34. fxe3 $17 Qc5 35. Kh1 Qc3 $36 {[%emt 0:00:54][%mdl 2048] White is under strong pressure.} 36. Rbb1 (36. Rfb1 $17) 36... Qxe3 $19 37. Rbe1 Qb3 {[%emt 0:00:37] 0x0.0023821a1276dp-1022s more active pieces.} 38. Rd1 $2 {[%emt 0:01:01][%mdl 8192] White does not recover from this.} (38. Qf4 $17 {was the crucial defense.}) 38... Rxd1 39. Rxd1 e3 40. Kg1 Qb7 {[%emt 0:00:00] ...Nfe4 is the strong threat.} 41. h3 (41. Rd8+ Kh7 42. g4 Qb2 $19) (41. Rc1 $142 Kh7 42. Rf1) 41... Nfe4 {[%emt 0:12:56] ( -> ...Nf2)} (41... Nf3+ 42. Bxf3 Qxf3 43. Rd8+ Kh7 44. Qf4 $11) 42. Kh2 Nd2 43. Rxd2 exd2 44. Qd4 {[%emt 0:00:09] Inhibits Qb2.} Qb4 45. Qd8+ Kh7 46. h4 Ne6 47. Qd7 Kg6 ({Stronger than} 47... Nd4 48. Bd3+ f5 49. Bxf5+ Nxf5 50. Qxf5+ Kg8 51. Qd5+ Kf8 52. Kg2 $17) 48. Bd1 (48. Qd5 $142 Kf6 49. Bd1) 48... Qd4 49. Qb5 Qf2+ 50. Kh3 Qf5+ (50... Nd4 $142 51. h5+ Kh7) 51. Kg2 Qe4+ 52. Kh2 Qd4 {[%emt 0:01:44] And now ...Qf2+ would win.} 53. Kg2 {[%emt 0:00:57] Against Qf2+} Qc3 54. Qd7 Kf6 {[%emt 0:00:16] Hoping for ...g6.} 55. Qd5 g6 {[%emt 0:00:23][%cal Bg7g6,Bg6g5][%mdl 32] Black is clearly winning.} ({And not} 55... Qd4 56. Qxa5 g5 57. hxg5+ Nxg5 58. Qa6+ Kg7 59. Qe2 $17) 56. h5 g5 57. Qe4 Qa1 58. Qf3+ (58. Qe2 $142 Qb2 59. Qf3+ Kg7 60. Qd5) 58... Kg7 {[%emt 0:00:14] Threatens to win with ...Nc5.} 59. Qe2 Qd4 60. Qf3 Nc5 61. Bc2 {[%emt 0:00:23] [#]} Ne4 $1 62. Qf5 (62. Bb3 Nd6) 62... d1=Q 63. Bxd1 Qd2+ {[%emt 0:00:04] Weighted Error Value: White=0.59/Black=0.08 (flawless)} ({Not} 63... Qxd1 64. Qxe4 Qxh5 65. Qe5+ Kg6 66. Qe4+ Kg7 67. Qd4+ Kh7 68. Qe5 $17) 0-1

[Event "2nd China Preliminary Asian Games 2022"]
[Site "HangZhou"]
[Date "2022.04.17"]
[Round "4.2"]
[White "Zhang, Zhong"]
[Black "Xu, Xiangyu"]
[Result "*"]
[ECO "D38"]
[WhiteElo "2640"]
[BlackElo "2564"]
[Annotator "TA"]
[PlyCount "35"]
[EventDate "2022.04.13"]
[EventType "tourn"]
[EventCountry "CHN"]
[SourceTitle "playchess.com"]
[Source "ChessBase"]
[SourceQuality "1"]
[TimeControl "40/5400+30:1800+30"]

1. Nf3 d5 2. d4 Nf6 3. c4 e6 4. Nc3 Bb4 5. Bg5 h6 6. Bxf6 Qxf6 7. e3 O-O 8. Rc1 dxc4 9. Bxc4 c5 10. O-O {[%emt 0:01:06] Threatens to win with Ne4.} cxd4 {[%emt 0:00:09] D38: Queen's Gambit Declined: Ragozin Defence (4 Nf3 Bb4).} 11. Ne4 {[%emt 0:01:04] [#] A rather calm draw.} {Predecessor:} Qe7 $146 12. a3 Ba5 13. Qxd4 Rd8 14. Qc5 Qxc5 15. Nxc5 Nd7 16. Nb3 Bb6 17. Be2 Nf6 18. Ne5 {½-½ (36) Bu,X (2708)-Ding,L (2799) Hangzhou 2022} *

[Event "2nd China Preliminary Asian Games 2022"]
[Site "HangZhou"]
[Date "2022.04.17"]
[Round "4.3"]
[White "Wei, Yi"]
[Black "Ma, Qun"]
[Result "1/2-1/2"]
[ECO "E43"]
[WhiteElo "2729"]
[BlackElo "2645"]
[Annotator "TA"]
[PlyCount "111"]
[EventDate "2022.04.13"]
[EventType "tourn"]
[EventCountry "CHN"]
[SourceTitle "playchess.com"]
[Source "ChessBase"]
[SourceQuality "1"]
[TimeControl "40/5400+30:1800+30"]

1. d4 Nf6 2. c4 e6 3. Nc3 Bb4 4. Nf3 b6 5. e3 Ne4 6. Qc2 Bb7 7. Bd3 f5 8. Nd2 {[%emt 0:07:08][%cal Rc3e4] E43: Nimzo-Indian: Rubinstein: 4...b6.} Bxc3 9. bxc3 Qh4 10. g3 Qh3 {[%emt 0:06:36] ...Nxd2 is the strong threat.} 11. Bf1 $1 (11. Bxe4 fxe4 12. Ba3 d6 $15) 11... Qh5 12. Bg2 {[%emt 0:00:14] [#]} Qg6 $146 (12... Nxc3 $2 13. f3 $18) (12... O-O {keeps more tension.} 13. Ba3 Rf6 14. Nxe4 Bxe4 15. Bxe4 fxe4 16. Qxe4 Nc6) ({Predecessor:} 12... O-O 13. Nxe4 Bxe4 14. Bxe4 fxe4 15. Qxe4 Nc6 16. O-O Qe2 17. d5 exd5 18. cxd5 Rae8 {1-0 (33) Sahl,B (2343)-Carstensen,J (2372) Denmark 2012}) 13. Ba3 d6 14. Nxe4 fxe4 15. c5 dxc5 16. dxc5 Nd7 (16... Bc6 $11) 17. Qa4 $14 e5 $1 18. O-O Bc6 19. Qb3 Qf7 20. cxb6 ({White should play} 20. Rfd1 $16) 20... axb6 $11 21. c4 {[%emt 0:01:31] Prevents Bd5.} Qe6 22. Bb4 Kf7 23. a4 Ra7 24. a5 b5 (24... Rha8 $14) 25. f4 $16 exf3 26. e4 $1 Nf6 27. Qxf3 {[%emt 0:00:09] aiming for Qh5+.} Rd8 28. Bc5 {[%emt 0:03:10] This bishop pair is nice.} Ra6 29. g4 {[%emt 0:05:26][%cal Bg3g4,Bg4g5][%mdl 32] Threatens to win with g5.} Kg8 ({Better is} 29... h6) 30. g5 $1 $36 {[%emt 0:00:06][%mdl 2048] Keeping Black busy.} (30. cxb5 Bxb5 31. g5 Bxf1 32. Bxf1 Nd7 $14) 30... Bxe4 31. Qh3 Bxg2 32. Qxg2 (32. Qxe6+ Rxe6 33. Kxg2 Ne4 $11) 32... Nh5 (32... Qxc4 $2 33. Be7 (33. gxf6 $2 Qxc5+ 34. Kh1 Qd5 $19) 33... Qd4+ 34. Kh1 $18) (32... Nd7 $142) 33. cxb5 $18 Raa8 34. Rae1 $2 (34. Qe4 $1 $18) 34... Qc4 (34... Rxa5 $15 35. Qe2 g6 36. Qxe5 Qxe5 37. Rxe5 Rxb5) 35. Rxe5 $11 {[%emt 0:00:52] Hoping for Qf3.} Re8 $2 {[%emt 0:00:07][%mdl 8192] [#]} (35... Rxa5 $11 36. Qf3 g6) 36. Qf3 $1 $18 {[%emt 0:01:15][%mdl 512] Threatening mate with Rxe8+.} h6 (36... g6 37. a6) 37. Rf5 $2 (37. Rd5 Nf4 38. Rf5 Ne6 $18) (37. Rfe1 $18 Rxe5 38. Qxa8+ Kh7 39. g6+ Kxg6 40. Qc6+ Kh7 41. Rxe5 Qc1+ 42. Kg2 Qb2+ 43. Kf3 Qc3+ 44. Re3) 37... g6 $1 $14 38. Rf8+ ({Don't go for} 38. gxh6 $2 gxf5 39. Qxf5 Kh8 $19) ({Wrong is} 38. Rd5 $2 Nf4 $1 39. Qxf4 (39. Re5 $2 Rxe5 40. Bd6 Rxg5+ 41. Kh1 Nd5 $19) 39... Qxd5 $19) (38. Qd5+ $1 $14 Qxd5 39. Rxd5 Rxa5 40. Bd4 (40. gxh6 Rxb5 41. h7+ Kxh7 $11)) 38... Rxf8 $11 {[%emt 0:00:41] The position is equal.} 39. Bxf8 {[%emt 0:00:02] Chess con chili.} Rxa5 40. gxh6 {[%emt 0:00:00][%cal Of8b4] Black must now prevent Bb4!} Rxb5 {[%emt 0:00:00] Strongly threatening ...Rg5+.} 41. Qf7+ Qxf7 42. Rxf7 Rf5 ({Much less strong is} 42... Kxf7 {[#]} 43. h7 $1 Rg5+ 44. Kf2 Rf5+ 45. Ke3 Kxf8 46. h8=Q+ Kf7 47. Qc8 $14) 43. Rxf5 (43. h7+ {seems wilder.} Kh8 44. Rxf5 gxf5 45. Kf2) 43... gxf5 {[%emt 0:00:04][%mdl 4096] Endgame KB-KN} 44. Be7 Kh7 45. Bg5 Kg6 46. Kf2 Nf6 (46... Kxg5 $2 47. h7 Nf6 48. h8=Q $18) 47. Bxf6 Kxf6 {[%emt 0:00:11] KPP-KPP} 48. Ke3 c5 49. Kf4 c4 {[%emt 0:00:16] ( -> ...c3)} 50. Ke3 Kg6 51. Kd4 Kxh6 52. Kxc4 Kg5 53. Kd3 Kg4 54. Ke3 Kh3 55. Kf4 Kxh2 56. Kxf5 {[%emt 0:00:35] Weighted Error Value: White=0.33/Black=0.16 (very precise)} 1/2-1/2

[Event "2nd China Preliminary Asian Games 2022"]
[Site "HangZhou"]
[Date "2022.04.17"]
[Round "4.3"]
[White "Ma, Qun"]
[Black "Wei, Yi"]
[Result "*"]
[WhiteElo "2645"]
[BlackElo "2729"]
[Annotator "TA"]
[PlyCount "33"]
[EventDate "2022.04.13"]
[EventType "tourn"]
[EventCountry "CHN"]
[SourceTitle "playchess.com"]
[Source "ChessBase"]
[SourceQuality "1"]
[TimeControl "40/5400+30:1800+30"]

1. d4 Nf6 2. c4 e6 3. Nc3 Bb4 4. Nf3 b6 {[%emt 0:00:30] [#] Not much happened in this game.} {Predecessor:} 5. e3 $146 O-O 6. Bd3 {E53: Nimzo-Indian: Rubinstein: Main Line (4...0-0 5 Nf3 d5 6 Bd3 c5 7 0-0).} d5 7. cxd5 exd5 8. O-O c5 9. Ne5 Bxc3 10. bxc3 Ba6 11. Bxa6 Nxa6 12. Qa4 Nc7 13. f3 a6 14. Bd2 Nb5 15. Qb3 Nd6 16. Be1 c4 17. Qb4 {1-0 (35) Howell,D (2646)-Grandelius,N (2672) London 2022} *

[Event "2nd China Preliminary Asian Games 2022"]
[Site "HangZhou"]
[Date "2022.04.18"]
[Round "5.1"]
[White "Ma, Qun"]
[Black "Bu, Xiangzhi"]
[Result "1/2-1/2"]
[ECO "D38"]
[WhiteElo "2645"]
[BlackElo "2700"]
[Annotator "TA"]
[PlyCount "69"]
[EventDate "2022.04.13"]
[EventType "tourn"]
[EventCountry "CHN"]
[SourceTitle "playchess.com"]
[Source "ChessBase"]
[SourceQuality "1"]
[TimeControl "40/5400+30:1800+30"]

1. d4 Nf6 2. c4 e6 3. Nf3 d5 4. Nc3 Bb4 5. Bg5 h6 6. Bxf6 Qxf6 7. e3 O-O 8. Rc1 dxc4 9. Bxc4 c5 10. O-O {[%emt 0:00:13] White wants to play Ne4.} cxd4 {[%emt 0:00:37] D38: Queen's Gambit Declined: Ragozin Defence (4 Nf3 Bb4).} 11. Ne4 (11. Nxd4 Bd7 12. Qb3 Nc6 13. Nxc6 Bxc3 14. Rxc3 Bxc6 15. Bb5 Bd5 16. Bc4 Bc6 17. Bb5 Bd5 18. Bc4 Bc6 19. Bb5 {½-½ (19) Ma,Q (2626)-Bu,X (2729) Daqing 2019}) 11... Qe7 12. Nxd4 Bd7 13. Be2 Nc6 14. a3 $1 {[%emt 0:01:46] 14.a3 is better than 14.Nb3.} Ba5 15. Nb3 {[%emt 0:00:26] Pair of Knights!} Rfd8 16. Nxa5 Nxa5 17. Rc7 {[%emt 0:00:13] [#] Black must now prevent Nc5.} Rac8 18. Qc1 f5 {[%emt 0:05:01] [#]} (18... Qf8 {feels hotter.} 19. Bh5 f5 20. Qc3 Nc6) 19. Rxc8 $146 (19. Qc3 {is interesting.} Nc6 20. Rxc8 Rxc8 21. Ng3) ({Predecessor:} 19. b4 Nb3 20. Qc3 Rxc7 21. Qxc7 fxe4 22. Rd1 Kf7 23. h3 g6 24. Bc4 Bb5 25. Qxd8 Qxd8 26. Rxd8 Bxc4 {½-½ (63) Wang,H (2710)-Yu,Y (2723) Xinghua 2015}) 19... Rxc8 20. Nc3 Nc4 21. Rd1 Nb6 22. Qd2 Qc5 23. h3 Be8 24. e4 Na4 25. Rc1 {[%emt 0:03:13] [#] Hoping for Na2.} fxe4 26. Bg4 Qc6 27. Qd4 h5 28. Bd1 Nxb2 {[%emt 0:03:59] next ...Nd3 is good for Black.} 29. Ne2 Nc4 30. Bb3 $132 {[%emt 0:00:17][%mdl 2048] White has counterplay} b5 31. Bxc4 (31. Qxa7 $5 Ra8 32. Qe7 $11) 31... bxc4 32. Qxa7 Ra8 33. Qd4 {[%emt 0:06:15] The position is equal.} Rxa3 34. Rxc4 Qd5 35. Qxe4 {[%emt 0:04:01] Weighted Error Value: White=0.03 (flawless) /Black=0.03 (flawless)} 1/2-1/2

[Event "2nd China Preliminary Asian Games 2022"]
[Site "HangZhou"]
[Date "2022.04.18"]
[Round "5.2"]
[White "Ding, Liren"]
[Black "Zhang, Zhong"]
[Result "1-0"]
[ECO "D26"]
[WhiteElo "2799"]
[BlackElo "2640"]
[Annotator "TA"]
[PlyCount "168"]
[EventDate "2022.04.13"]
[EventType "tourn"]
[EventCountry "CHN"]
[SourceTitle "playchess.com"]
[Source "ChessBase"]
[SourceQuality "1"]
[TimeControl "40/5400+30:1800+30"]

1. d4 d5 2. c4 dxc4 3. Nf3 Nf6 4. e3 e6 5. Bxc4 c5 6. O-O Nc6 7. a3 cxd4 {[%emt 0:10:56] D26: Queen's Gambit Accepted: 4 e3 e6 5 Bxc5 c5 sidelines.} 8. exd4 a6 (8... Bd6 $11) 9. Nc3 Be7 {[%emt 0:02:38] White is slightly better.} 10. Ba2 O-O 11. Re1 Re8 12. Bf4 Nd5 {[%emt 0:09:14] [#]} 13. Nxd5 $146 ({Predecessor:} 13. Bd2 Nc7 14. Be3 Nd5 15. Rc1 Nxc3 16. Rxc3 Bf6 17. Rd3 g6 18. Ne5 Ne7 {1-0 (43) Kiik,K (2445)-Heinimaki,L (2109) Jyvaskyla 2000}) 13... exd5 14. Qb3 Be6 15. Qxb7 Na5 16. Qc7 {[%emt 0:00:04] &Bianco is much more active.} Qxc7 17. Bxc7 Nc4 18. Re2 Ra7 19. Bxc4 dxc4 20. Ba5 Rc8 21. Rae1 Rd7 22. Ne5 Rd5 23. Bc3 Bf6 24. h3 Bxe5 25. Rxe5 Rcd8 26. R5e4 h5 27. h4 Kh7 28. f3 g5 29. hxg5 Rxg5 30. Rh4 Rdg8 31. Rh2 Kg6 32. Kf2 Rd5 33. Rh4 Rb8 {[%emt 0:00:55] [#]} (33... Re8 $142 34. Rhe4 Red8) 34. Rf4 ({White should play} 34. Re5 $1) 34... Rb6 $16 35. a4 a5 36. Rfe4 Bd7 37. Re5 Rbd6 38. Bxa5 Bxa4 39. Bb4 Rd8 40. Ra1 Rxe5 41. dxe5 $14 {[%emt 0:03:36][%mdl 4096] Endgame KRB-KRB} Bd7 42. Rd1 Rb8 43. Bc3 Bf5 44. Rd4 Rc8 45. Ke3 Be6 46. Ke4 h4 47. Rd6 Kh5 48. Ke3 Kg5 49. Kf2 Rh8 50. Rd1 Kg6 51. Rh1 Rh5 52. Kg1 Kg5 53. Kh2 Kf4 54. Re1 Bd5 55. Rd1 Be6 56. Re1 Bd5 $1 57. Bd2+ Kf5 58. Kh3 Rh7 59. Re2 Rh5 60. Bb4 Kf4 61. Be7 Rh7 62. Bf6 Rh5 63. Re1 Rh7 64. Be7 Rh5 65. Bd6 {[%emt 0:00:15] e6+ is the strong threat.} ({Much weaker is} 65. Bxh4 Rh8 $11) 65... Be6+ 66. Kh2 Rh8 67. Be7 Bd5 68. Bf6 Rh5 69. Rd1 Be6 70. Re1 Bd5 $1 {[%emt 0:00:15] Against Re4+} 71. Rd1 (71. e6 $11 fxe6 72. Rd1) 71... Be6 $16 72. Rd4+ Ke3 {[%emt 0:02:33] A mistake that costs the game.} (72... Kf5 $16) 73. Rxh4 $18 Rxh4+ 74. Bxh4 {[%emt 0:00:02] KB-KB} Kd4 {[%emt 0:00:04] [#]} 75. Bf6 $1 c3 76. bxc3+ Kxc3 77. g4 Kc4 78. Kg3 {[%emt 0:00:03] aiming for f4.} Bd5 79. f4 {[%emt 0:00:20][%cal Bf3f4,Bf4f5][%mdl 32] And now f5 would win.} Be4 $2 (79... Kb5 $18 80. Bg7 Kc6) 80. f5 {[%emt 0:00:40] White mates.} Kd5 81. Kf4 Bd3 82. Bg7 Bc2 83. Kg5 Kc6 84. e6 Kd5 {[%emt 0:01:01] Weighted Error Value: White=0.06 (flawless) /Black=0.06 (flawless)} 1-0

[Event "2nd China Preliminary Asian Games 2022"]
[Site "HangZhou"]
[Date "2022.04.18"]
[Round "5.3"]
[White "Xu, Xiangyu"]
[Black "Wei, Yi"]
[Result "1/2-1/2"]
[ECO "D38"]
[WhiteElo "2564"]
[BlackElo "2729"]
[Annotator "TA"]
[PlyCount "62"]
[EventDate "2022.04.13"]
[EventType "tourn"]
[EventCountry "CHN"]
[SourceTitle "playchess.com"]
[Source "ChessBase"]
[SourceQuality "1"]
[TimeControl "40/5400+30:1800+30"]

1. d4 Nf6 2. c4 e6 3. Nf3 d5 4. Nc3 Bb4 5. Bg5 h6 6. Bxf6 Qxf6 7. e3 O-O 8. Rc1 dxc4 9. Bxc4 c5 10. O-O cxd4 11. Nxd4 Bd7 {[%emt 0:00:57] D38: Queen's Gambit Declined: Ragozin Defence (4 Nf3 Bb4).} 12. Qb3 Nc6 13. Nxc6 (13. Rfd1 {seems wilder.} Bxc3 14. Qxc3 Rfc8 15. Nf3) 13... Bxc3 14. Qxb7 Bxc6 15. Qxc6 Bxb2 {[%emt 0:00:33] [#] ...Rac8 is the strong threat.} 16. Rcd1 $5 $146 {[%emt 0:03:25][%mdl 8] New and interesting.} ({Predecessor:} 16. Rc2 Rac8 17. Qa4 Rc7 18. Rb1 Be5 19. Bd3 Rxc2 20. Qxc2 Qe7 21. g3 Qc7 22. Qxc7 Bxc7 {½-½ (33) Wen,Y (2585)-Li,C (2732) China 2018}) 16... Rac8 17. Qa6 Rc7 18. Bb3 Qe5 19. Rd2 Rfc8 20. Rfd1 Kh7 21. Qd6 Qf6 22. Qd3+ g6 23. Qe4 Bc3 24. Rc2 Be1 {[%emt 0:00:30] And now ...Rxc2 would win.} 25. Rxe1 {[%emt 0:05:29] Strongly threatening Rxc7.} Rxc2 {[%emt 0:00:04][%mdl 64] [#] Remove Defender} 26. Bxc2 Qc3 27. Kf1 {[%emt 0:00:19] Hoping for Bb3.} Qxc2 28. Qxc2 Rxc2 29. Re2 Rc1+ 30. Re1 Rc5 31. Rd1 Ra5 {[%emt 0:00:44] A balanced but interesting game.  Weighted Error Value: White=0.03 (flawless) /Black=0.00 (flawless)} 1/2-1/2

[Event "2nd China Preliminary Asian Games 2022"]
[Site "HangZhou"]
[Date "2022.04.20"]
[Round "6.1"]
[White "Ma, Qun"]
[Black "Ding, Liren"]
[Result "1/2-1/2"]
[ECO "C48"]
[WhiteElo "2645"]
[BlackElo "2799"]
[Annotator "TA"]
[PlyCount "51"]
[EventDate "2022.04.13"]
[EventType "tourn"]
[EventCountry "CHN"]
[SourceTitle "playchess.com"]
[Source "ChessBase"]
[SourceQuality "1"]
[TimeControl "40/5400+30:1800+30"]

1. e4 e5 2. Nf3 Nc6 3. Nc3 Nf6 4. Bb5 Nd4 5. Bc4 Bc5 6. Nxe5 Qe7 {[%emt 0:00:04] C48: Four Knights: 4 Bb5, replies other than 4...Bb4.} 7. Nf3 (7. Bxf7+ Kf8 8. Nd3 (8. f4 $2 d6 $19) 8... Kxf7 $17) 7... d5 $1 (7... Nxe4 8. Nd5 Nxf3+ 9. gxf3 $16 (9. Qxf3 Ng5+ 10. Qe3 Qxe3+ 11. Nxe3 O-O $11)) 8. Bxd5 {[%emt 0:00:00] 8.Nxd5 gains popularity.} Bg4 {[%emt 0:00:39] White is slightly better.} 9. d3 ({Stronger than} 9. Bxb7 Rb8 10. Ba6 Nxe4 $17) 9... O-O-O {[%emt 0:00:07] [#]} (9... c6 $11 {keeps the balance.} 10. Bb3 Nd7) 10. Be3 $1 $16 Nxd5 11. Nxd5 ({Of course not} 11. exd5 Bxf3 12. gxf3 Nf5 $17) 11... Rxd5 12. exd5 Re8 13. c3 (13. O-O $16 Bxf3 14. gxf3) 13... Nxf3+ $11 {[%emt 0:00:16] The position is equal.} 14. gxf3 Qh4 15. Kd2 ({Avoid the trap} 15. fxg4 $2 Rxe3+ 16. Kd2 Qxf2+ 17. Kc1 Re2 $19) 15... Rxe3 $1 {[%emt 0:00:04][%mdl 64] [#] Remove Defender} 16. fxe3 Qf2+ 17. Kc1 Bxf3 18. Qe1 Bxe3+ {[%emt 0:00:05] This bishop pair is nice.} 19. Kb1 {[%emt 0:00:00] Hoping for Qxf2.} Bxh1 20. Qxh1 {[%emt 0:00:00][%mdl 4096] Endgame Threatens to win with Qe4. KQR-KQB} Qe2 $1 {[%emt 0:00:03][%cal Re2d3] [#]} 21. a4 $5 $146 {[%emt 0:00:00][%mdl 8] Black must now prevent Qe4. An interesting novelty.} ({Predecessor:} 21. a3) 21... Qxd3+ 22. Ka2 Qc4+ 23. Kb1 Qd3+ 24. Ka2 Qc4+ 25. Kb1 Qd3+ 26. Ka2 {[%emt 0:00:00] Weighted Error Value: White=0.11 (very precise) /Black=0.05 (flawless)} 1/2-1/2

[Event "2nd China Preliminary Asian Games 2022"]
[Site "HangZhou"]
[Date "2022.04.20"]
[Round "6.2"]
[White "Zhang, Zhong"]
[Black "Wei, Yi"]
[Result "0-1"]
[ECO "B51"]
[WhiteElo "2640"]
[BlackElo "2729"]
[Annotator "TA"]
[PlyCount "166"]
[EventDate "2022.04.13"]
[EventType "tourn"]
[EventCountry "CHN"]
[SourceTitle "playchess.com"]
[Source "ChessBase"]
[SourceQuality "1"]
[TimeControl "40/5400+30:1800+30"]

1. e4 c5 2. Nf3 d6 3. Bb5+ Nd7 4. d4 cxd4 5. Qxd4 a6 6. Bxd7+ Bxd7 7. c4 Nf6 8. Bg5 e6 9. Nc3 Bc6 10. O-O Be7 11. a4 O-O 12. Rfd1 h6 13. Bh4 Qa5 14. Qd3 Rac8 15. b3 Rfd8 16. Nd4 Be8 17. f3 Qh5 18. Bf2 d5 $1 19. cxd5 Bd6 20. Bg3 Bxg3 21. hxg3 exd5 22. e5 Qxe5 23. Nce2 Bd7 24. Rac1 g5 25. Kf2 Rxc1 26. Rxc1 Re8 27. a5 Bb5 28. Nxb5 axb5 29. Rc5 b4 30. Rb5 Qb2 31. Rxb7 Nh5 ({Don't take} 31... Qa1 32. Rb6 $16 (32. Qd2 Qxa5 33. Nd4 Ra8 $11)) 32. a6 Nxg3 $1 33. Kxg3 Rxe2 34. Qxe2 (34. Qxd5 {gets mated.} Rxg2+ 35. Kh3 Rh2+ 36. Kg4 Rh4+ 37. Kg3 Qh2#) 34... Qxe2 35. a7 Qe5+ 36. Kf2 $1 Qb2+ 37. Kg3 Qe5+ 38. Kf2 $1 Qd4+ 39. Ke2 Qb2+ 40. Kd3 $2 (40. Ke3 $11 {and White is okay.} Qxb3+ 41. Kd4 Qc3+ 42. Kxd5 Qd3+ 43. Kc5 Qe3+ 44. Kxb4 Qd4+ 45. Kb5 Qb2+ 46. Kc6 Qf6+ 47. Kb5 Qe5+ 48. Kc6 Qe8+ 49. Kb6) 40... Qc3+ $2 (40... Qb1+ $1 $19 41. Kd4 Qa1+ 42. Kxd5 Qa5+ 43. Kc6 Kg7) 41. Ke2 $11 Qb2+ $2 (41... Qc2+ $11 42. Ke3 Qc3+ 43. Ke2 Qc2+ 44. Ke3 Qxb3+ 45. Kd4 Qc4+ 46. Ke5 Qe2+ 47. Kd4 Qf2+ 48. Kd3 Qf1+ 49. Kd2 Kg7) 42. Kd3 $19 Qb1+ $1 ({Stronger than} 42... Qxb3+ 43. Kd4 Qc4+ 44. Ke5 Qe2+ 45. Kd4 Qd2+ 46. Ke5 Qf4+ 47. Kxd5 Qd2+ 48. Kc6 Qc3+ 49. Kd5 Qd3+ 50. Kc5 Qf5+ 51. Kd4 Qf6+ 52. Kc5 Qf5+ 53. Kd4 Qf6+ 54. Kc5 Qc3+ 55. Kd5 Qd2+ 56. Kc5 Qc2+ 57. Kb5 Qe2+ 58. Kc5 Qf2+ 59. Kc6 Qc2+ 60. Kb5 Qf5+ 61. Ka4 Qc2+ 62. Kb5 $11) 43. Kd4 Qa1+ 44. Kxd5 Kg7 45. Kc6 Qa5 46. Rc7 (46. g4 $142 Kg6 47. Kd7) 46... Qa6+ $1 $19 47. Kc5 Qa5+ $2 (47... h5 $1 $19 {Strongly threatening ...h4.} 48. Kxb4 g4 49. fxg4 hxg4) 48. Kc6 $1 $11 Qa6+ $2 (48... h5 $11) 49. Kc5 $19 h5 $1 50. Kxb4 Qb6+ 51. Ka4 Qa6+ 52. Kb4 Kf6 $2 (52... Qd6+ $1 $19 53. Kb5 Qxc7) 53. Kc5 $11 Ke5 54. Re7+ Kf6 55. Rc7 Qa3+ 56. Kc6 Ke5 57. b4 Qa6+ 58. Kd7 $2 (58. Kc5 $11) 58... Qa4+ 59. Ke7 {[%emt 0:17:41] [#]} Qxb4+ (59... g4 $1 $19 {[%cal Rg4f3] has better winning chances. ...gxf3 is the strong threat.} 60. b5 gxf3 61. gxf3 h4) 60. Kxf7 $17 {[%emt 0:00:06] [#]} Qa3 ({Black should try} 60... Qa4 $1 $17 {[%cal Ra4a6] Threatens to win with ...Qa6.} 61. Kg6 g4 62. f4+ Kd6) 61. Kg6 $1 $11 g4 62. fxg4 hxg4 63. Kg5 $1 Qa4 64. Kh4 Kf5 65. Rf7+ Ke5 66. Rg7 Qa2 67. Kg3 Kf5 68. Rxg4 $2 (68. Rc7 $11 Ke6 69. Rg7) 68... Qa3+ 69. Kh4 Qxa7 70. Kh3 Qe3+ 71. Kh4 Qe1+ 72. Kh3 Qe3+ 73. Kh4 Ke5 74. Rg5+ Kf4 75. Rg4+ Kf5 76. Ra4 Qc3 77. Rg4 Qe3 78. Ra4 Qd3 79. Rb4 Qd6 80. Rb5+ Kf6 81. g3 Qd4+ 82. Kh5 Qd1+ 83. Kh4 Qa4+ 0-1